 Dungeon Crawl Stone Soup version 0.28-a0-1447-ga5a8893891 (webtiles) character file.

Game seed: 5923512288905572125

48 hashsling the Gusty (level 3, 0/19 HPs)
             Began as a Tengu Air Elementalist on Jan 11, 2022.
             Was a Plaything of Xom.
             Slain by Robin (6 damage)
             ... on level 1 of the Dungeon.
             The game lasted 00:05:52 (1444 turns).

hashsling the Gusty (Tengu Air Elementalist)        Turns: 1444, Time: 00:05:53

Health: 0/19       AC:  2    Str:  8    XL:     3   Next: 72%
Magic:  2/7        EV: 12    Int: 17    God:    Xom [..*...]
Gold:   34         SH:  0    Dex: 14    Spells: 6/7 levels left

rFire   . . .      SeeInvis .   c - +0 dagger
rCold   . . .      Faith    .   (no shield)
rNeg    . . .      Spirit   .   a - +0 robe
rPois   .          Reflect  .   (helmet restricted)
rElec   .          Harm     .   (no cloak)
rCorr   .          Rampage  .   (no gloves)
Will    .....                   (boots unavailable)
Stlth   ++........              (no amulet)
HPRegen 0.06/turn               (no ring)
MPRegen 0.10/turn               (no ring)

@: no status effects
A: beak, talons 3
a: Renounce Religion


You were on level 1 of the Dungeon.
You worshipped Xom.
You were a toy of Xom.
You visited 1 branch of the dungeon, and saw 2 of its levels.

You collected 34 gold pieces.

Inventory:

Hand Weapons
 c - a +0 dagger (weapon)
Armour
 a - a +0 robe (worn)
Scrolls
 b - a scroll of silence {unknown}
 d - a scroll of enchant weapon {unknown}
 e - a scroll of vulnerability {unknown}


   Skills:
 - Level 2.1 Dodging
 - Level 2.0 Stealth
 + Level 2.6 Spellcasting
 + Level 2.8 Conjurations
 + Level 4.8 Air Magic


You had 6 spell levels left.
You knew the following spells:

 Your Spells              Type           Power      Damage    Failure   Level
a - Shock                 Conj/Air       60%        1d6       3%          1

Your spell library contained the following spells:

 Spells                   Type           Power      Damage    Failure   Level
 Static Discharge         Conj/Air       15%        N/A       5%          2
 Swiftness                Air            18%        N/A       8%          3
 Airstrike                Air            9%         N/A       26%         4


Dungeon Overview and Level Annotations

Branches:
Dungeon (2/15)

Altars:
Xom

Annotations:
D:1 Robin


Innate Abilities, Weirdness & Mutations

You have a beak for a mouth.
You have claws for feet.


Message History

The zap hits the hobgoblin.
You kill the hobgoblin!
The zap hits the goblin.
You kill the goblin!
You start resting.
Your trail of clouds dissipates.
You start resting.
Magic restored.
You start resting.
HP restored.
You climb downwards.
Level annotation: Robin A quokka comes into view.
The goblin hits you with a +0 club. The goblin barely misses you.
The quokka moves out of view.
There is a stone staircase leading up, spattered with blood here.
The zap hits the goblin.
The goblin is moderately wounded.
The adder hisses angrily.
The goblin hits you but does no damage.
The zap hits the goblin.
You kill the goblin!
The zap misses Robin.
Robin misses you. The adder barely misses you. Robin hits you with a +0 mace.
A shower of butterflies erupts from you!
You climb upwards.
Your summoned allies are left behind.
There is a stone staircase leading down here.
The zap hits the adder.
The adder is moderately wounded.
The adder bites you. Robin barely misses you.
You are too injured to fight recklessly!
Casting: Shock (safe; 3% risk of failure)
Confirm with . or Enter, or press ? or * to list all spells.
Aiming: Shock (safe; 3% risk of failure)
Press: ? - help, Shift-Dir - straight line, f/p - adder
Aim: an adder (moderately wounded, 53% to hit)
The zap hits the adder.
The adder is almost dead.
The adder bites you. Robin hits you with a +0 mace.
You die...

###....##......# #.###...#####
#.###.##......# #.#..........
#.#...........# #...#########
#.#....#.####.# ##..##....#..#
#.....#..####.# #..##.#######.
#.#........†..# #.##.##.....##
#.#.#.###.##### #.#.##.#####.#
#.#.#####.#########.#.#.##...##.
##...........))S@g)).#(#.#.###.#.
............#######..#.#.#.#<###.
####........# ##.#.#.#.#'#.#.
####........# #.#.#.##...##.
..##........# #.#.##.'####.#
#.##........## #.##.##...#.##
#.##.........# #..##.##'####.
.....#####...# #...##.......'
#.#### #...# #....##'######


You could see Robin and an adder.

Vanquished Creatures
  A dart slug (D:1)
  3 ball pythons (D:1)
  5 endoplasms (D:1)
  13 goblins
  4 hobgoblins (D:1)
  2 kobolds (D:1)
  A quokka (D:1)
  4 bats (D:1)
  3 frilled lizards (D:1)
  2 rats (D:1)
38 creatures vanquished.

Notes
Turn   | Place    | Note
-------+----------+-------------------------------------------
     0 | D:1      | hashsling the Tengu Air Elementalist began the quest for
                  | the Orb.
     0 | D:1      | Reached XP level 1. HP: 10/10 MP: 4/4
   205 | D:1      | Found a faded altar of an unknown god.
   217 | D:1      | Prayed at the altar of an unknown god.
   217 | D:1      | Became a worshipper of Xom of Chaos
   270 | D:1      | Reached XP level 2. HP: 15/15 MP: 3/6
   546 | D:1      | XOM: divination: detect items
   584 | D:1      | XOM: noise
   678 | D:1      | XOM: 4-stop teleportation journey
   779 | D:1      | XOM: cast spell 'Summon Small Mammal'
   787 | D:1      | Reached XP level 3. HP: 18/19 MP: 1/7
   815 | D:1      | XOM: divination: detect items
  1096 | D:1      | XOM: cloud trail
  1114 | D:2      | Noticed Robin
  1441 | D:2      | XOM: butterfly on damage
  1444 | D:1      | Slain by Robin

Illustrated notes

Levels and vault maps discovered:
D:1:      evilmike_arrival_rings, layout_loops_cross,
          hellmonk_ecumenical_altar_run_dry
D:2:      layout_rooms, serial_park_tiny_pond, chequers_serial_rivers_micro_d,
          uniq_terence, uniq_robin

Skill      XL: |  1  2 |
---------------+-------+-----
Conjurations   | 2 |  2.8
Dodging        | |  2.1
Stealth        | |  2.0
Spellcasting   | |  2.6
Air Magic      | |  4.8

Action                   || total
-------------------------++-------
Melee: Dagger            ||     8
       Kick              ||     1
       Peck              ||     1
 Cast: Shock             ||    61
Armor: Robe              ||     8
Dodge: Dodged            ||    25

Table legend: (Time is in decaauts)
 A = Elapsed time spent in this place.
 B = Non-inter-level travel time spent in this place.
 C = Inter-level travel time spent in this place.
 D = Time resting spent in this place.
 E = Time spent auto-exploring this place.
 F = Levels seen in this place.
 G = Mean time per level.
                   A        B        C        D        E       F      G
               +--------+--------+--------+--------+--------+-----+--------+
         Total |   1446 |   1417 |     29 |    283 |    947 |   2 |  723.0 |
       Dungeon |   1446 |   1417 |     29 |    283 |    947 |   2 |  723.0 |
               +--------+--------+--------+--------+--------+-----+--------+

Top non-repeatable levels by time:
     D:1: 1434 daAuts
     D:2: 12 daAuts
